 Dungeon Crawl Stone Soup version 0.28-a0-689-ga55568f2eb (webtiles) character file.

Game seed: 16306132850846059412

191 Devinter the Skirmisher (level 5, 0/43 HPs)
             Began as a Demonspawn Cinder Acolyte on Oct 20, 2021.
             Was a High Priest of Ignis.
             Slain by an ogre (26 damage)
             ... on level 4 of the Dungeon.
             The game lasted 00:22:03 (2780 turns).

Devinter the Skirmisher (Demonspawn Cinder Acolyte) Turns: 2780, Time: 00:22:04

Health: 0/43       AC: 12    Str: 14    XL:     5   Next: 41%
Magic:  4/8        EV: 10    Int: 16    God:    Ignis [*****.]
Gold:   130        SH:  3    Dex:  9    Spells: 3/8 levels left

rFire   + + .      SeeInvis .   y - +2 short sword (speed)
rCold   . . .      Faith    .   u - +0 buckler
rNeg    . . .      Spirit   .   q - +2 leather armour {rF+}
rPois   .          Reflect  .   (no helmet)
rElec   .          Harm     .   m - +0 cloak
rCorr   +          Rampage  .   (no gloves)
Will    .....                   (no boots)
Stlth   +.........              (no amulet)
HPRegen 0.14/turn               c - +4 ring of protection
MPRegen 0.11/turn               l - ring of resist corrosion

@: no status effects
A: hooves 2, icy blue scales 1
a: Renounce Religion, Sea of Fire, Foxfire Swarm, Rising Flame


You were on level 4 of the Dungeon.
You worshipped Ignis.
Ignis was extremely pleased with you.
You visited 1 branch of the dungeon, and saw 4 of its levels.

You collected 130 gold pieces.

Inventory:

Hand Weapons
 a - a -1 falchion of flaming
 y - a +2 short sword of speed (weapon)
Missiles
 d - 22 sling bullets
 e - 19 poisoned darts (quivered)
 i - 5 arrows
 j - 5 boomerangs
Armour
 b - a +0 robe
 m - a +0 cloak (worn)
 q - a +2 leather armour of fire resistance (worn)
 u - a +0 buckler (worn)
Jewellery
 c - a +4 ring of protection (left hand)
 l - a ring of resist corrosion (right hand)
Wands
 x - a wand of polymorph (8)
Scrolls
 h - 3 scrolls of acquirement {unknown}
 k - 3 scrolls of fear {unknown}
 s - a scroll of brand weapon {unknown}
 t - 3 scrolls of identify {unknown}
Potions
 f - a potion of heal wounds {unknown}
 g - 2 potions of lignification {unknown}
 n - a potion of brilliance {unknown}
 o - a potion of degeneration {unknown}
 p - a potion of berserk rage {unknown}
 r - a potion of curing {unknown}
 v - a potion of haste {unknown}
 w - a potion of flight {unknown}


   Skills:
 + Level 4.7 Fighting
 - Level 3.0 Long Blades
 + Level 1.1 Shields
 - Level 2.0 Spellcasting
 - Level 2.0 Summonings
 - Level 3.0 Fire Magic


You had 3 spell levels left.
You knew the following spells:

 Your Spells              Type           Power      Damage    Failure   Level
a - Scorch                Fire           22%        2d6       17%         2
b - Call Canine Familiar  Summ           8%         N/A       45%         3

Your spell library contained the following spells:

 Spells                   Type           Power      Damage    Failure   Level
 Summon Small Mammal      Summ           32%        N/A       17%         1
 Summon Guardian Golem    Hex/Summ       4%         N/A       58%         3
 Tukima's Dance           Hex            1%         N/A       75%         3
 Passage of Golubria      Tloc           1%         N/A       98%         4
 Yara's Violent Unravell  Hex/Tmut       0%         3d3       100%        5


Dungeon Overview and Level Annotations

Branches:
Dungeon (4/15)
 Temple: D:4-7

Altars:
Nemelex Xobeh


Innate Abilities, Weirdness & Mutations

You have hoof-like feet.
You are partially covered in icy blue scales. (AC +2)


Message History

You block the adder skeleton's attack.
You hit the adder skeleton.
You destroy the adder skeleton!
There is a stone staircase leading up here.
A ball python comes into view.
The ball python hisses angrily.
A kobold comes into view.
It is wielding a +0 whip and quivering poisoned darts.
The kobold shouts!
You hit the ball python.
You kill the ball python!
An ogre comes into view. It is wielding a +0 giant club.
The kobold completely misses you.
The ogre shouts!
You hit the kobold.
You kill the kobold!
You hear a shout!
Casting: Scorch (safe; 17% risk of failure)
Confirm with . or Enter, or press ? or * to list all spells.
The spell is quite dangerous to cast (45% risk of failure)!
Continue anyway?
Okay, then.
Okay, then.
Things that are here:
a +0 whip; 3 poisoned darts
Casting: Call Canine Familiar (quite dangerous; 45% risk of failure)
Confirm with . or Enter, or press ? or * to list all spells.
Flames lash the ogre.
The ogre is lightly wounded.
The ogre's fire resistance burns away.
Casting: Scorch (safe; 17% risk of failure)
Confirm with . or Enter, or press ? or * to list all spells.
Flames lash the ogre.
The ogre is burned terribly!
The ogre is heavily wounded.
You hear a shout!
The ogre hits you with a +0 giant club!
Unknown command.
You hit the ogre. You kick the ogre.
The ogre is almost dead.
The ogre hits you with a +0 giant club!!
Ouch! That really hurt!
You die...

..........##.#
.########.##.#
..........##.#
.########.##.#
.#####
#.##.#######
><...#
#...........
.###.#
#.##.######. .#
#.####....######.#
.#
#............@OK.#
)#
######.##.######.#
.########.##.#
).........##.#
############.# #.#
#.. #..


You could see a kobold brigand and an ogre (combustible).

Vanquished Creatures
  An orc wizard (D:4)
  A hound skeleton (D:4)
  3 adders
  2 gnolls (D:4)
  3 adder skeletons (D:4)
  A worm (D:2)
  7 dart slugs
  7 orcs
  8 endoplasms
  4 giant cockroaches
  10 hobgoblins
  6 kobolds
  3 quokkas
  6 ball pythons
  3 bats
  3 frilled lizards
  2 rats (D:2)
70 creatures vanquished.

Notes
Turn   | Place    | Note
-------+----------+-------------------------------------------
     0 | D:1      | Devinter the Demonspawn Cinder Acolyte began the quest for
                  | the Orb.
     0 | D:1      | Reached XP level 1. HP: 18/18 MP: 2/2
   113 | D:1      | Gained mutation: You have large cloven feet. [demonic
                  | ancestry]
   113 | D:1      | Reached XP level 2. HP: 24/24 MP: 3/3
   220 | D:1      | Reached skill level 3 in Long Blades
   220 | D:1      | Reached skill level 3 in Fire Magic
   687 | D:1      | Learned a level 2 spell: Scorch
   851 | D:2      | Gained mutation: You have hoof-like feet. [demonic
                  | ancestry]
   851 | D:2      | Reached XP level 3. HP: 30/30 MP: 4/4
  1326 | D:2      | Reached skill level 1 in Summonings
  1479 | D:2      | Found a faded altar of an unknown god.
  1506 | D:2      | Reached skill level 4 in Fighting
  1548 | D:2      | Gained mutation: You are partially covered in icy blue
                  | scales. (AC +2) [demonic ancestry]
  1548 | D:2      | Reached XP level 4. HP: 30/37 MP: 6/6
  1856 | D:3      | Found a sparkling altar of Nemelex Xobeh.
  2290 | D:4      | Noticed a kobold brigand
  2382 | D:4      | Reached skill level 2 in Spellcasting
  2386 | D:4      | Learned a level 3 spell: Call Canine Familiar
  2564 | D:4      | Reached XP level 5. HP: 34/43 MP: 8/8
  2568 | D:4      | Reached skill level 2 in Summonings
  2647 | D:4      | Reached skill level 1 in Shields
  2775 | D:4      | Noticed an ogre
  2780 | D:4      | Slain by an ogre

Illustrated notes

Levels and vault maps discovered:
D:1:      dpeg_arrival_erosion, layout_loops_corners, serial_bayou_crossing
D:2:      layout_basic, shapermc_ecumenical_altar_pompeii
D:3:      layout_rooms, nemelex_dance_club_becter,
          amcnicky_mini_rare_corridor_liquid
D:4:      layout_loops_ring, uniq_ijyb

Skill      XL: |  1  2  3  4  5 |
---------------+----------------+-----
Long Blades    | 3 |  3.0
Fire Magic     | 3 |  3.0
Summonings     | 1 2 |  2.0
Fighting       | 4 |  4.7
Spellcasting   | 2 |  2.0
Shields        | 1 |  1.1

Action                   |  1- 3 |  4- 6 || total
-------------------------+-------+-------++-------
Melee: Falchion          |   111 |    76 ||   187
       Kick              |    13 |    21 ||    34
       Short sword       |       |     9 ||     9
 Cast: Scorch            |     4 |    17 ||    21
 Stab: Sleeping          |     1 |       ||     1
Armor: Robe              |    33 |     4 ||    37
       Leather armour    |       |    29 ||    29
Dodge: Dodged            |    62 |    61 ||   123
Block: Buckler           |       |     5 ||     5

Table legend: (Time is in decaauts)
 A = Elapsed time spent in this place.
 B = Non-inter-level travel time spent in this place.
 C = Inter-level travel time spent in this place.
 D = Time resting spent in this place.
 E = Time spent auto-exploring this place.
 F = Levels seen in this place.
 G = Mean time per level.
                   A        B        C        D        E       F      G
               +--------+--------+--------+--------+--------+-----+--------+
         Total |   2817 |   2753 |     64 |    305 |    586 |   4 |  704.2 |
       Dungeon |   2817 |   2753 |     64 |    305 |    586 |   4 |  704.2 |
               +--------+--------+--------+--------+--------+-----+--------+

Top non-repeatable levels by time:
     D:1: 859 daAuts
     D:2: 851 daAuts
     D:3: 632 daAuts
     D:4: 474 daAuts
